 Seeded DCSS version 0.32-a0-406-gdbcfc42 (webtiles) character file.

Game seed: 7674521023698936968 (custom seed)

14 GeorgeSoros the Insei (level 2, -3/22 HPs)
             Began as a Human Shapeshifter on Oct 15, 2022.
             Slain by a hobgoblin (4 damage)
             ... on level 1 of the Dungeon on Feb 20, 2024.
             The game lasted 00:02:46 (475 turns).

GeorgeSoros the Insei (Human Shapeshifter)           Turns: 475, Time: 00:02:46

Health: -3/22      AC:  2    Str: 10    XL:     2   Next: 41%
Magic:  5/5        EV: 12    Int: 13    God:
Gold:   68         SH:  0    Dex: 13    Spells: 5/5 levels left

rFire   . . .        g - +0 dagger (elec)
rCold   . . .        (no shield)
rNeg    . . .        a - +0 robe
rPois   .            (no helmet)
rElec   .            (no cloak)
rCorr   .            (no gloves)
SInv    .            (no boots)
Will    .....        (no amulet)
Stlth   +            (no ring)
HPRegen 0.23/turn    (no ring)
MPRegen 0.09/turn

%: no passive effects
@: no status effects
A: no striking features
a: no special abilities


You were on level 1 of the Dungeon.
You visited 1 branch of the dungeon, and saw 1 of its levels.

You collected 68 gold pieces.

Inventory:

Hand Weapons
 g - a +0 dagger of electrocution (weapon)
Armour
 a - a +0 robe (worn)
Scrolls
 e - a scroll of identify {unknown}
 f - a scroll of vulnerability {unknown}
Potions
 b - a potion of lignification
 c - 2 potions of curing {unknown}
 d - a potion of haste {unknown}


   Skills:
 + Level 1.8 Fighting
 - Level 2.0 Dodging
 - Level 3.0 Unarmed Combat
 - Level 2.0 Spellcasting
 + Level 2.5 Alchemy
 + Level 2.2 Shapeshifting


You had 5 spell levels left.
You didn't know any spells.
Your spell library contained the following spells:

 Spells                   Type           Power      Damage    Failure   Level
 Fugue of the Fallen      Necr           1%         N/A       58%         3


Dungeon Overview and Level Annotations

Branches:
Dungeon (1/15)

Altars:


Message History

You hit the jackal. You claw the jackal, but do no damage.
You headbutt the jackal.
You kill the jackal!
No target in view!
Your transformation is almost over.
Your horns disappear.
Your talons disappear.
Found 9 stones.
Unknown background choice: Transmuter You see here a beast talisman.
Your memory of Beastly Appendage unravels.
Your Transmutations skill increases to level 3!
Your Alchemy skill gained 2 levels and is now at level 2!
Welcome back, GeorgeSoros the Human Shapeshifter.
Game seed: 7674521023698936968 (custom seed) Press ? for a list of commands and other information.
You open the large door.
You see here a beast talisman.
You see here 9 stones.
You now have 68 gold pieces (gained 12).
f - a scroll labelled ISYONWEW PECA A hobgoblin and a rat come into view.
The hobgoblin shouts!
You hear a shout!
The hobgoblin hits you. The hobgoblin hits you.
The hobgoblin closely misses you. The hobgoblin hits you.
The hobgoblin misses you. The hobgoblin closely misses you.
The hobgoblin closely misses you. The hobgoblin hits you.
The hobgoblin hits you. The hobgoblin hits you.
* * * LOW HITPOINT WARNING * * *
The hobgoblin hits you.
* * * LOW HITPOINT WARNING * * *
The hobgoblin hits you.
* * * LOW HITPOINT WARNING * * *
A goblin comes into view. It is wielding a +0 dagger.
The hobgoblin hits you.
You die...

..
#(.......###
.#
#........#
#g# #
#....'####
#.# #....'#
#.# #....##
#.#
#####....#
#.#
.........#
#r#
####.#####
#g# #.#
#@#### #.#
#....#
####%#
####.#
(....# #.#
###### #.# #
#.# ########
#.# .......#
#.# ######.#
#.#


You could see a hobgoblin, a goblin and a rat.

Vanquished Creatures
  3 goblins (D:1)
  A hobgoblin (D:1)
  3 jackals (D:1)
  A bat (D:1)
  A frilled lizard (D:1)
  3 kobolds (D:1)
12 creatures vanquished.

Notes
Turn   | Place    | Note
-------+----------+-------------------------------------------
     0 | D:1      | GeorgeSoros the Human Transmuter began the quest for the
                  | Orb.
     0 | D:1      | Reached XP level 1. HP: 15/15 MP: 3/3
   176 | D:1      | Reached XP level 2. HP: 21/21 MP: 3/5
   384 | D:1      | Upgraded the game from 0.30-a0-276-g2d03c1e to
                  | 0.32-a0-406-gdbcfc42
   474 | D:1      | HP: 1/22 [hobgoblin (2)]
   475 | D:1      | Slain by a hobgoblin

Illustrated notes

Levels and vault maps discovered:
D:1:      saegor_arrival_simple_b, layout_basic

Skill      XL: |  1  2 |
---------------+-------+-----
Transmutations | 3 |  0.0
Alchemy        | 2 |  2.5
Fighting       | |  1.8
Dodging        | |  2.0
Unarmed Combat | |  3.0
Spellcasting   | |  2.0
Shapeshifting  | |  2.2

Action                     || total
---------------------------++-------
  Melee: Dagger            ||    19
         Unarmed           ||     5
         Headbutt          ||     5
         Kick              ||     9
         Short sword       ||    10
   Cast: Beastly Appendage ||    10
 Armour: Robe              ||    14
  Dodge: Dodged            ||    25

Table legend: (Time is in decaauts)
 A = Elapsed time spent in this place.
 B = Non-inter-level travel time spent in this place.
 C = Inter-level travel time spent in this place.
 D = Time resting spent in this place.
 E = Time spent auto-exploring this place.
 F = Levels seen in this place.
 G = Mean time per level.
                   A        B        C        D        E       F      G
               +--------+--------+--------+--------+--------+-----+--------+
         Total |    473 |    473 |      0 |      0 |    329 |   1 |  473.0 |
       Dungeon |    473 |    473 |      0 |      0 |    329 |   1 |  473.0 |
               +--------+--------+--------+--------+--------+-----+--------+

Top non-repeatable levels by time:
     D:1: 473 daAuts
